| TOP OF THE 1ST |
|
Pensacola Blue Wahoos batting - Pitching for Mobile BayBears : RHP Alex Apolinar
|
|
Pitching: RHP Alex Apolinar
|
|
|
Batting: SHB Bryan Johnston
|
0-0: Ball 1-0: Called Strike 1-1: Foul Ball, location: 2F 1-2: SINGLE (Groundball, 6M, EV 106.9 MPH) (infield hit)
|
|
Batting: RHB Ryan Short
|
0-0: SINGLE (Groundball, 56D, EV 96.9 MPH) Bryan Johnston to second
|
|
Batting: RHB Dusty Pollert
|
0-0: Ball 1-0: Called Strike 1-1: Ball 2-1: Ball 3-1: Foul Ball, location: 2F 3-2: SINGLE (Groundball, 56D, EV 88.8 MPH) (infield hit) Bryan Johnston to third Ryan Short to second
|
|
Batting: RHB Pedro Pinero
|
0-0: GRAND SLAM HOME RUN (Flyball, 9D, EV 100.0 MPH), Distance : 370 ft
|
|
Batting: LHB Nick Nino
|
0-0: Ball 1-0: Ball 2-0: Ball 3-0: Base on Balls
|
|
Batting: RHB Ben Hinman
|
0-0: Ball 1-0: Called Strike Nick Nino steals 2nd base (no throw) 1-1: Called Strike 1-2: Ball 2-2: Ball 3-2: Foul Ball, location: 2F 3-2: SINGLE (Line Drive, 7S, EV 108.8 MPH) Nick Nino to third Runner from 3rd tries for Home, SAFE, throw by LF to home
|
|
Batting: RHB Matt Silva
|
0-0: Called Strike 0-1: Ball 1-1: Grounds into double play, 4-6-3 (Groundball, 4, EV 83.8 MPH)
|
|
Batting: RHB Jordan Torres
|
0-0: Ground out 6-3 (Groundball, 6, EV 81.2 MPH)
|
| Top of the 1st over - 5 runs, 5 hits, 0 errors, 0 left on base; Pensacola 5 - Mobile 0 |
| BOTTOM OF THE 1ST |
|
Mobile BayBears batting - Pitching for Pensacola Blue Wahoos : RHP Matt Johnson
|
|
Pitching: RHP Matt Johnson
|
|
|
Batting: LHB Kevin Ferguson
|
0-0: Ball 1-0: Foul Ball, location: 2F 1-1: Ball 2-1: Ground out 4-3 (Groundball, 34D, EV 84.4 MPH)
|
|
Batting: LHB T.J. Duvall
|
0-0: Ball 1-0: Ground out U3 (Groundball, 34, EV 105.0 MPH)
|
|
Batting: RHB Chris Bittner
|
0-0: Ball 1-0: Called Strike 1-1: Ball 2-1: Fly out, F8 (Flyball, 8LXD, EV 103.8 MPH)
|
| Bottom of the 1st over - 0 runs, 0 hits, 0 errors, 0 left on base; Pensacola 5 - Mobile 0 |
| TOP OF THE 2ND |
|
Pensacola Blue Wahoos batting - Pitching for Mobile BayBears : RHP Alex Apolinar
|
|
Batting: LHB Akira Yamano
|
0-0: Swinging Strike 0-1: Foul Ball, location: 2F 0-2: Ball 1-2: Strikes out looking
|
|
Batting: SHB Bryan Johnston
|
0-0: Ball 1-0: Called Strike 1-1: Foul Ball, location: 2F 1-2: Ball 2-2: Foul Ball, location: 2F 2-2: Foul Ball, location: 2F 2-2: Ball 3-2: Fly out, F7 (Flyball, 7D, EV 81.9 MPH)
|
|
Batting: RHB Ryan Short
|
0-0: Ball 1-0: Ball 2-0: Ground out 1-3 (Groundball, 13S, EV 69.4 MPH)
|
| Top of the 2nd over - 0 runs, 0 hits, 0 errors, 0 left on base; Pensacola 5 - Mobile 0 |
| BOTTOM OF THE 2ND |
|
Mobile BayBears batting - Pitching for Pensacola Blue Wahoos : RHP Matt Johnson
|
|
Batting: LHB Willie Gutierrez
|
0-0: Foul Ball, location: 2F 0-1: Foul Ball, location: 2F 0-2: Ball 1-2: Ball 2-2: Ground out 3-1 (Groundball, 34, EV 87.5 MPH)
|
|
Batting: RHB Edgar Garcia
|
0-0: SINGLE (Flyball, 5D, EV 91.2 MPH)
|
|
Batting: RHB Franklin Villanueva
|
0-0: Ball Edgar Garcia is caught stealing 2nd base 2-4 1-0: Ball 2-0: Foul Ball, location: 2F 2-1: Foul Ball, location: 2F 2-2: Foul Ball, location: 2F 2-2: Strikes out swinging
|
| Bottom of the 2nd over - 0 runs, 1 hit, 0 errors, 0 left on base; Pensacola 5 - Mobile 0 |
| TOP OF THE 3RD |
|
Pensacola Blue Wahoos batting - Pitching for Mobile BayBears : RHP Alex Apolinar
|
|
Batting: RHB Dusty Pollert
|
0-0: Foul Ball, location: 2F 0-1: Ball 1-1: Called Strike 1-2: Foul Ball, location: 2F 1-2: Fly out, F9 (Flyball, 89S, EV 90.6 MPH)
|
|
Pitching: RHP Eric Richards
|
|
|
Batting: RHB Pedro Pinero
|
0-0: Called Strike 0-1: Ball 1-1: Ball 2-1: SINGLE (Groundball, 25, EV 68.8 MPH) (infield hit)
|
|
Batting: LHB Nick Nino
|
0-0: Ball Pedro Pinero is caught stealing 2nd base 2-6 1-0: SINGLE (Line Drive, 3D, EV 103.1 MPH)
|
|
Batting: RHB Ben Hinman
|
0-0: Ball 1-0: Ball 2-0: Foul Ball, location: 2F 2-1: Foul Ball, location: 2F 2-2: Fly out, F9 (Flyball, 9S, EV 91.2 MPH)
|
| Top of the 3rd over - 0 runs, 2 hits, 0 errors, 1 left on base; Pensacola 5 - Mobile 0 |
| BOTTOM OF THE 3RD |
|
Mobile BayBears batting - Pitching for Pensacola Blue Wahoos : RHP Matt Johnson
|
|
Batting: RHB Andy Schuett
|
0-0: Ball 1-0: TRIPLE (Flyball, 78XD, EV 98.8 MPH)
|
|
Batting: RHB Dustin Legault
|
0-0: Ball 1-0: SINGLE (Groundball, 6D, EV 100.0 MPH) Andy Schuett scores
|
|
Batting: RHB Yasuo Nakata
|
0-0: Fielders Choice at 2nd, 5-4 (Groundball, 56, EV 91.9 MPH)
|
|
Batting: LHB Kevin Ferguson
|
0-0: Ball Yasuo Nakata steals 2nd base 1-0: Ball 2-0: Called Strike 2-1: Ball 3-1: Base on Balls
|
|
Batting: LHB T.J. Duvall
|
0-0: Foul Ball, location: 2F 0-1: Ball 1-1: Called Strike 1-2: Strikes out swinging
|
|
Batting: RHB Chris Bittner
|
0-0: Ball 1-0: DOUBLE (Line Drive, 78XD, EV 95.6 MPH) Yasuo Nakata scores Kevin Ferguson to third Runner from 3rd tries for Home, SAFE, throw by LF to trailing runner, OUT at third! 7-3-5
|
| Bottom of the 3rd over - 3 runs, 3 hits, 0 errors, 0 left on base; Pensacola 5 - Mobile 3 |
| TOP OF THE 4TH |
|
Pensacola Blue Wahoos batting - Pitching for Mobile BayBears : RHP Eric Richards
|
|
Batting: RHB Matt Silva
|
0-0: Ball 1-0: Ball 2-0: Foul Ball, location: 2F 2-1: Bunt missed! 2-2: Strikes out swinging
|
|
Batting: RHB Jordan Torres
|
0-0: Swinging Strike 0-1: Swinging Strike 0-2: Foul Ball, location: 2F 0-2: Strikes out looking
|
|
Batting: LHB Akira Yamano
|
0-0: Called Strike 0-1: Ball 1-1: Ball 2-1: Ball 3-1: Base on Balls
|
|
Batting: SHB Bryan Johnston
|
0-0: Ball 1-0: Ball 2-0: Foul Ball, location: 2F 2-1: Called Strike Akira Yamano steals 2nd base 2-2: Ball 3-2: Foul Ball, location: 2F 3-2: SINGLE (Line Drive, 8LS, EV 110.6 MPH) Akira Yamano to third Runner from 3rd tries for Home, SAFE, throw by CF to home
|
|
Pitching: RHP Manuel Maldonado
|
|
|
Batting: RHB Ryan Short
|
0-0: Ball Bryan Johnston steals 2nd base 1-0: TRIPLE (Line Drive, 89XD, EV 96.9 MPH) Bryan Johnston scores
|
|
Batting: RHB Dusty Pollert
|
0-0: Ground out 6-3 (Groundball, 6S, EV 87.5 MPH)
|
| Top of the 4th over - 2 runs, 2 hits, 0 errors, 1 left on base; Pensacola 7 - Mobile 3 |
| BOTTOM OF THE 4TH |
|
Mobile BayBears batting - Pitching for Pensacola Blue Wahoos : RHP Matt Johnson
|
|
Batting: LHB Willie Gutierrez
|
0-0: Ball 1-0: Foul Ball, location: 2F 1-1: Called Strike 1-2: Ball 2-2: Foul Ball, location: 2F 2-2: Fly out, F4 (Popup, 4MS, EV 86.2 MPH)
|
|
Batting: RHB Edgar Garcia
|
0-0: Ball 1-0: Ball 2-0: Ball 3-0: Called Strike 3-1: Base on Balls
|
|
Batting: RHB Franklin Villanueva
|
0-0: Called Strike Edgar Garcia steals 2nd base 0-1: Ball 1-1: Ball 2-1: Ball 3-1: Swinging Strike 3-2: Strikes out swinging
|
|
Batting: RHB Andy Schuett
|
0-0: Foul Ball, location: 2F 0-1: Ball 1-1: Swinging Strike 1-2: Ball 2-2: Foul Ball, location: 2F 2-2: Ball 3-2: Ground out 6-3 (Groundball, 6, EV 105.0 MPH)
|
| Bottom of the 4th over - 0 runs, 0 hits, 0 errors, 1 left on base; Pensacola 7 - Mobile 3 |
| TOP OF THE 5TH |
|
Pensacola Blue Wahoos batting - Pitching for Mobile BayBears : RHP Manuel Maldonado
|
|
Batting: RHB Pedro Pinero
|
0-0: DOUBLE (Line Drive, 9LS, EV 108.1 MPH)
|
|
Pinch Runner at 2nd Tim Wormell:
|
|
|
Batting: LHB Nick Nino
|
0-0: Intentional Walk
|
|
Batting: RHB Ben Hinman
|
0-0: Called Strike 0-1: Grounds into double play, 6-4-3 (Groundball, 6, EV 111.2 MPH) Tim Wormell to third
|
|
Batting: RHB Matt Silva
|
0-0: Swinging Strike 0-1: Ball 1-1: Called Strike 1-2: Ball 2-2: Foul Ball, location: 2F 2-2: Ball 3-2: Strikes out swinging
|
| Top of the 5th over - 0 runs, 1 hit, 0 errors, 1 left on base; Pensacola 7 - Mobile 3 |
| BOTTOM OF THE 5TH |
|
Mobile BayBears batting - Pitching for Pensacola Blue Wahoos : RHP Matt Johnson
|
|
Now at 2B: Akira Yamano
|
|
|
Now at 3B: Tim Wormell
|
|
|
Now at SS: Ryan Short
|
|
|
Batting: RHB Dustin Legault
|
0-0: Ball 1-0: Ground out 6-3 (Groundball, 6, EV 90.6 MPH)
|
|
Batting: RHB Yasuo Nakata
|
0-0: Foul Ball, location: 2F 0-1: Ball 1-1: Fly out, F9 (Flyball, 9D, EV 97.5 MPH)
|
|
Batting: LHB Kevin Ferguson
|
0-0: Ball 1-0: Ball 2-0: Foul Ball, location: 2F 2-1: Swinging Strike 2-2: Foul Ball, location: 2F 2-2: Strikes out looking
|
| Bottom of the 5th over - 0 runs, 0 hits, 0 errors, 0 left on base; Pensacola 7 - Mobile 3 |
| TOP OF THE 6TH |
|
Pensacola Blue Wahoos batting - Pitching for Mobile BayBears : RHP Manuel Maldonado
|
|
Batting: RHB Jordan Torres
|
0-0: Ball 1-0: Ball 2-0: Swinging Strike 2-1: Called Strike 2-2: Ground out 5-3 (Groundball, 56, EV 103.8 MPH)
|
|
Batting: LHB Akira Yamano
|
0-0: Ball 1-0: Ball 2-0: Ball 3-0: Base on Balls
|
|
Batting: SHB Bryan Johnston
|
0-0: Foul Ball, location: 2F 0-1: Fielders Choice at 2nd, 1-6 (Groundball, 34S, EV 65.0 MPH)
|
|
Batting: RHB Ryan Short
|
0-0: Called Strike Bryan Johnston is caught stealing 2nd base 2-4
|
| Top of the 6th over - 0 runs, 0 hits, 0 errors, 0 left on base; Pensacola 7 - Mobile 3 |
| BOTTOM OF THE 6TH |
|
Mobile BayBears batting - Pitching for Pensacola Blue Wahoos : RHP Matt Johnson
|
|
Batting: LHB T.J. Duvall
|
0-0: Ball 1-0: Ball 2-0: SINGLE (Groundball, 34S, EV 62.5 MPH) (infield hit)
|
|
Batting: RHB Chris Bittner
|
0-0: Called Strike 0-1: Ball T.J. Duvall is caught stealing 2nd base 2-4 1-1: Called Strike 1-2: DOUBLE (Flyball, 8RXD, EV 101.2 MPH)
|
|
Batting: LHB Willie Gutierrez
|
0-0: Ball 1-0: Foul Ball, location: 2F 1-1: Ball 2-1: Ball 3-1: Fly out, F8 (Flyball, 8RXD, EV 100.0 MPH) Runner from 2nd tags up, SAFE at 3rd, no throw by CF
|
|
Batting: RHB Edgar Garcia
|
0-0: Ball 1-0: SINGLE (Line Drive, 78S, EV 99.4 MPH) Chris Bittner scores
|
|
Batting: RHB Franklin Villanueva
|
0-0: Fly out, F8 (Flyball, 8RD, EV 103.1 MPH)
|
| Bottom of the 6th over - 1 run, 3 hits, 0 errors, 1 left on base; Pensacola 7 - Mobile 4 |
| TOP OF THE 7TH |
|
Pensacola Blue Wahoos batting - Pitching for Mobile BayBears : RHP Manuel Maldonado
|
|
Pitching: RHP Mike Stover
|
|
|
Batting: RHB Ryan Short
|
0-0: Ball 1-0: Swinging Strike 1-1: Foul Ball, location: 2F 1-2: SINGLE (Line Drive, 34, EV 99.4 MPH)
|
|
Batting: RHB Dusty Pollert
|
0-0: Ball 1-0: Called Strike 1-1: Ball Ryan Short steals 2nd base (no throw) 2-1: Intentional Walk
|
|
Batting: RHB Tim Wormell
|
0-0: Ball Ryan Short steals 3rd base Dusty Pollert to second 1-0: Called Strike 1-1: Called Strike 1-2: SINGLE (Groundball, 4, EV 80.6 MPH) (infield hit) Ryan Short scores Dusty Pollert to third
|
|
Batting: LHB Nick Nino
|
0-0: Grounds into double play, 5-4-3 (Groundball, 5, EV 86.9 MPH) Dusty Pollert scores
|
|
Batting: RHB Ben Hinman
|
0-0: Called Strike 0-1: Foul Ball, location: 2F 0-2: Strikes out looking
|
| Top of the 7th over - 2 runs, 2 hits, 0 errors, 0 left on base; Pensacola 9 - Mobile 4 |
| BOTTOM OF THE 7TH |
|
Mobile BayBears batting - Pitching for Pensacola Blue Wahoos : RHP Matt Johnson
|
|
Batting: RHB Andy Schuett
|
0-0: Foul Ball, location: 2F 0-1: Ball 1-1: Ball 2-1: Swinging Strike 2-2: Ball 3-2: Ground out 6-3 (Groundball, 6S, EV 75.0 MPH)
|
|
Batting: RHB Dustin Legault
|
0-0: Swinging Strike 0-1: Foul Ball, location: 2F 0-2: Foul Ball, location: 2F 0-2: Ball 1-2: SINGLE (Line Drive, 6D, EV 98.8 MPH)
|
|
Batting: RHB Yasuo Nakata
|
0-0: Foul Ball, location: 2F 0-1: Ball 1-1: Ball 2-1: Ball 3-1: Fielders Choice at 2nd, 6-4 (Groundball, 6, EV 103.8 MPH)
|
|
Pitching: RHP Dave Hammertime
|
|
|
Batting: LHB Kevin Ferguson
|
0-0: Called Strike Yasuo Nakata steals 2nd base 0-1: Foul Ball, location: 2F 0-2: Foul Ball, location: 2F 0-2: Foul Ball, location: 2F 0-2: Foul Ball, location: 2F 0-2: Foul Ball, location: 2F 0-2: Foul Ball, location: 2F 0-2: Ball 1-2: Strikes out swinging
|
| Bottom of the 7th over - 0 runs, 1 hit, 0 errors, 1 left on base; Pensacola 9 - Mobile 4 |
| TOP OF THE 8TH |
|
Pensacola Blue Wahoos batting - Pitching for Mobile BayBears : RHP Mike Stover
|
|
Batting: RHB Matt Silva
|
0-0: Called Strike 0-1: Ball 1-1: Foul Ball, location: 2F 1-2: Ball 2-2: Ball 3-2: Foul Ball, location: 2F 3-2: Reached on error, E6 (Groundball, 6, EV 79.4 MPH)
|
|
Pitching: RHP Ming-feng Pi
|
|
|
Batting: RHB Jordan Torres
|
0-0: Ball Wild Pitch! Matt Silva to third 1-0: Called Strike 1-1: Ball 2-1: Ground out 6-3 (Groundball, 6, EV 101.2 MPH) Matt Silva scores
|
|
Batting: LHB Akira Yamano
|
0-0: Called Strike 0-1: Ball 1-1: Ball 2-1: Foul Ball, location: 2F 2-2: Fly out, F8 (Flyball, 8LS, EV 90.0 MPH)
|
|
Batting: SHB Bryan Johnston
|
0-0: Ball 1-0: Swinging Strike 1-1: Ball 2-1: Swinging Strike 2-2: Ball 3-2: Strikes out swinging
|
| Top of the 8th over - 1 run, 0 hits, 1 error, 0 left on base; Pensacola 10 - Mobile 4 |
| BOTTOM OF THE 8TH |
|
Mobile BayBears batting - Pitching for Pensacola Blue Wahoos : RHP Dave Hammertime
|
|
Batting: LHB T.J. Duvall
|
0-0: Called Strike 0-1: Ball 1-1: Called Strike 1-2: Ball 2-2: Ball 3-2: Strikes out looking
|
|
Batting: RHB Chris Bittner
|
0-0: Foul Ball, location: 2F 0-1: Called Strike 0-2: SOLO HOME RUN (Line Drive, 78XD, EV 115.6 MPH), Distance : 468 ft
|
|
Batting: LHB Willie Gutierrez
|
0-0: Foul Ball, location: 2F 0-1: Swinging Strike 0-2: Foul Ball, location: 2F 0-2: Fly out, F8 (Flyball, 8RD, EV 105.0 MPH)
|
|
Batting: RHB Edgar Garcia
|
0-0: Swinging Strike 0-1: Fly out, F8 (Flyball, 8RS, EV 76.9 MPH)
|
| Bottom of the 8th over - 1 run, 1 hit, 0 errors, 0 left on base; Pensacola 10 - Mobile 5 |
| TOP OF THE 9TH |
|
Pensacola Blue Wahoos batting - Pitching for Mobile BayBears : RHP Ming-feng Pi
|
|
Batting: RHB Ryan Short
|
0-0: Ball 1-0: Called Strike 1-1: Swinging Strike 1-2: Ball 2-2: Ground out 6-3 (Groundball, 6M, EV 103.8 MPH)
|
|
Pitching: RHP Nate Bixler
|
|
|
Batting: RHB Dusty Pollert
|
0-0: Ball 1-0: Ball 2-0: Called Strike 2-1: Ground out 6-3 (Groundball, 6M, EV 80.6 MPH)
|
|
Batting: RHB Tim Wormell
|
0-0: Ball 1-0: Ball 2-0: Called Strike 2-1: Foul Ball, location: 2F 2-2: Ground out 5-3 (Groundball, 56, EV 88.1 MPH)
|
| Top of the 9th over - 0 runs, 0 hits, 0 errors, 0 left on base; Pensacola 10 - Mobile 5 |
| BOTTOM OF THE 9TH |
|
Mobile BayBears batting - Pitching for Pensacola Blue Wahoos : RHP Dave Hammertime
|
|
Batting: RHB Franklin Villanueva
|
0-0: Ball 1-0: Ball 2-0: Fly out, F4 (Popup, 3S, EV 81.2 MPH)
|
|
Batting: RHB Andy Schuett
|
0-0: Called Strike 0-1: Ball 1-1: Ground out 6-3 (Groundball, 56, EV 82.5 MPH)
|
|
Batting: RHB Dustin Legault
|
0-0: Called Strike 0-1: Called Strike 0-2: Foul Ball, location: 2F 0-2: Ball 1-2: Foul Ball, location: 2F 1-2: Ball 2-2: Ground out 4-3 (Groundball, 4, EV 102.5 MPH)
|
| Bottom of the 9th over - 0 runs, 0 hits, 0 errors, 0 left on base; Pensacola 10 - Mobile 5 |
|